[Event "39 Open Internacional de San Sebastian [Fide Code Event 127615]"]
[Site "Donostia - San Sebastian"]
[Date "2016.03.19"]
[Round "1"]
[White "VAZQUEZ IGARZA, Renier"]
[Black "IZQUIERDO ARRUFERIA, Joseba"]
[Result "1-0"]
[BlackElo "1868"]
[ECO "D37"]
[Opening "QGD"]
[Variation "Classical, 5...O-O 6.e3 c6"]
[WhiteElo "2585"]
[TimeControl "420+3"]
[Termination "normal"]
[PlyCount "109"]
[WhiteType "human"]
[BlackType "human"]

1. Nf3 Nf6 2. c4 e6 3. Nc3 d5 4. d4 Be7 5. Bf4 O-O 6. e3 c6 7. h3 Nbd7 8.
Rc1 Re8 9. a3 Nf8 10. Be2 dxc4 11. Bxc4 Nd5 12. O-O Bd6 13. Bxd6 Qxd6 14.
Ne4 Qd8 15. Bd3 Ng6 16. Ng3 Bd7 17. Qd2 Re7 18. Bxg6 hxg6 19. e4 Nb6 20. e5
Be8 21. Ne4 Nd5 22. Nd6 Rd7 23. Ng5 Rxd6 24. exd6 Qxd6 25. Ne4 Qe7 26. Rfe1
Rd8 27. Rcd1 Nc7 28. Qf4 Nb5 29. Ng5 Rd5 30. Nf3 Rf5 31. Qg3 Rd5 32. Re5
Qd6 33. Rxd5 Qxg3 34. fxg3 exd5 35. Re1 Kf8 36. Kf2 Nd6 37. g4 Ne4+ 38. Ke3
f6 39. Nd2 Nd6 40. Kd3 Bd7 41. a4 Kf7 42. Kc3 f5 43. gxf5 Bxf5 44. g4 Ne4+
45. Nxe4 Bxe4 46. Kb4 Ke7 47. Kc5 Kd7 48. a5 Bd3 49. h4 Be4 50. Rf1 Ke7 51.
a6 bxa6 52. Kxc6 a5 53. Ra1 g5 54. hxg5 Bf3 55. Rxa5 1-0

[Event "39 Open Internacional de San Sebastian [Fide Code Event 127615]"]
[Site "Donostia - San Sebastian"]
[Date "2016.03.19"]
[Round "1"]
[White "PAP, Misa"]
[Black "FUENTE SAN SEBASTIAN, Ernesto"]
[Result "1-0"]
[BlackElo "1853"]
[ECO "C40"]
[Opening "Elephant Gambit"]
[Variation "Maroczy"]
[WhiteElo "2483"]
[TimeControl "420+3"]
[Termination "normal"]
[PlyCount "51"]
[WhiteType "human"]
[BlackType "human"]

1. e4 e5 2. Nf3 d5 3. exd5 Bd6 4. d4 e4 5. Ne5 Nf6 6. Bb5+ c6 7. dxc6 O-O
8. O-O bxc6 9. Bc4 Nbd7 10. Bf4 Qc7 11. Nxd7 Bxd7 12. Bxd6 Qxd6 13. h3 Rab8
14. Nc3 Rfe8 15. Qd2 Bf5 16. Bb3 h6 17. Rae1 Rb4 18. Rd1 Rb7 19. Rfe1 Rbe7
20. d5 e3 21. Rxe3 Rxe3 22. fxe3 Bxh3 23. gxh3 Qg3+ 24. Qg2 Qxe3+ 25. Kh2
Re5 26. Qg3 1-0

[Event "39 Open Internacional de San Sebastian [Fide Code Event 127615]"]
[Site "Donostia - San Sebastian"]
[Date "2016.03.19"]
[Round "1"]
[White "ELIZONDO MARQUET, Juan Marcos"]
[Black "TRATAR, Marko"]
[Result "0-1"]
[BlackElo "2471"]
[ECO "C03"]
[Opening "French"]
[Variation "Tarrasch, 1.e4 e6 2.d4 d5 3.Nd2"]
[WhiteElo "1848"]
[TimeControl "420+3"]
[Termination "normal"]
[PlyCount "91"]
[WhiteType "human"]
[BlackType "human"]

1. e4 e6 2. d4 d5 3. Nd2 h6 4. e5 c5 5. c3 cxd4 6. cxd4 Bd7 7. Ngf3 Ne7 8.
Bd3 Qb6 9. Qb3 Nbc6 10. Qxb6 axb6 11. O-O Nb4 12. Bb1 Bb5 13. Re1 Nd3 14.
Bxd3 Bxd3 15. Re3 Bf5 16. Rb3 Ra6 17. Nf1 Nc6 18. a3 Bc2 19. Rc3 Be4 20.
Be3 Bxf3 21. gxf3 Kd7 22. Rac1 Be7 23. Ng3 Rc8 24. f4 g6 25. Kg2 b5 26. Ne2
Ra4 27. Kg3 Rc4 28. h4 h5 29. b4 Bd8 30. Kh3 Ne7 31. Rxc4 bxc4 32. Ng3 c3
33. Rc2 Rc4 34. Ne2 Nf5 35. Rxc3 Bxh4 36. Rxc4 dxc4 37. Nc3 Bd8 38. Ne4 Bb6
39. Nc3 Bxd4 40. Bxd4 Nxd4 41. Ne4 Nc2 42. Nd2 Nxa3 43. Kg3 Kc6 44. Kf3 Kb5
45. Ke4 Kxb4 46. Kd4 0-1

[Event "39 Open Internacional de San Sebastian [Fide Code Event 127615]"]
[Site "Donostia - San Sebastian"]
[Date "2016.03.19"]
[Round "1"]
[White "MOVSZISZIAN, Karen"]
[Black "DARRIGUES, Alain"]
[Result "1-0"]
[BlackElo "1831"]
[ECO "A00"]
[Opening "Trident Opening"]
[WhiteElo "2464"]
[TimeControl "420+3"]
[Termination "normal"]
[PlyCount "59"]
[WhiteType "human"]
[BlackType "human"]

1. g3 c5 2. Bg2 Nc6 3. d3 Nf6 4. e4 d6 5. f4 g6 6. Nf3 Bg7 7. O-O O-O 8. h3
Rb8 9. g4 h5 10. g5 Nd7 11. Nc3 b5 12. a3 a5 13. Nd5 e6 14. Ne3 Re8 15. c3
Qb6 16. Kh1 Bb7 17. Nh4 Ne7 18. f5 exf5 19. exf5 Bxg2+ 20. Nexg2 Be5 21. f6
Qb7 22. fxe7 Rxe7 23. Qf3 Qxf3 24. Nxf3 Rbe8 25. Bf4 Kg7 26. Bxe5+ dxe5 27.
Nd2 f5 28. gxf6+ Nxf6 29. Ne4 Nxe4 30. dxe4 1-0

[Event "39 Open Internacional de San Sebastian [Fide Code Event 127615]"]
[Site "Donostia - San Sebastian"]
[Date "2016.03.19"]
[Round "1"]
[White "MEDRANO DEL VAL, Julio"]
[Black "PAUNOVIC, Dragan"]
[Result "0-1"]
[BlackElo "2427"]
[ECO "A41"]
[Opening "Neo-Old Indian"]
[Variation "2.g3"]
[WhiteElo "1831"]
[TimeControl "420+3"]
[Termination "normal"]
[PlyCount "76"]
[WhiteType "human"]
[BlackType "human"]

1. d4 d6 2. g3 Nf6 3. Nc3 Nbd7 4. Bg2 e5 5. Bg5 Be7 6. dxe5 dxe5 7. Bxf6
Bxf6 8. Nd5 O-O 9. Nxf6+ Qxf6 10. c3 Qb6 11. b3 Nf6 12. Qc2 Bg4 13. Nf3
Rfe8 14. O-O e4 15. Ng5 Bf5 16. Rad1 h6 17. g4 Bg6 18. Nh3 e3 19. Qb2 Nxg4
20. f3 Ne5 21. Nf4 Nc4 22. Qc1 Nd2 23. Nd5 Qc5 24. c4 Nxf1 25. Kxf1 Rad8
26. b4 Qd6 27. Nxe3 Qxh2 28. Ng4 Qg3 29. Rxd8 Rxd8 30. Nf2 Qd6 31. c5 Qd4
32. a3 c6 33. e3 Qd2 34. Qe1 Bd3+ 35. Nxd3 Qxd3+ 36. Qe2 Qxa3 37. Qe1 Qd3+
38. Qe2 Qd1+ 0-1

[Event "39 Open Internacional de San Sebastian [Fide Code Event 127615]"]
[Site "Donostia - San Sebastian"]
[Date "2016.03.19"]
[Round "1"]
[White "CAMARENA GIMENEZ, Rufino"]
[Black "BERDOTE ALONSO, Carlos"]
[Result "1/2-1/2"]
[BlackElo "1831"]
[ECO "D38"]
[Opening "QGD"]
[Variation "Ragozin, 5.Qa4+ Nc6 6.cxd5 exd5 7.Bg5"]
[WhiteElo "2424"]
[TimeControl "420+3"]
[Termination "normal"]
[PlyCount "74"]
[WhiteType "human"]
[BlackType "human"]

1. d4 d5 2. c4 e6 3. Nc3 Bb4 4. Nf3 Nf6 5. cxd5 exd5 6. Qa4+ Nc6 7. Bg5 h6
8. Bxf6 Qxf6 9. e3 O-O 10. Be2 Be6 11. O-O a6 12. a3 Bd6 13. b4 g5 14. Qd1
Ne7 15. b5 a5 16. e4 dxe4 17. Nxe4 Qg6 18. Nc5 Bd5 19. Ne5 Qg7 20. Ncd7
Rfd8 21. Bf3 Ra7 22. b6 cxb6 23. Nxb6 Bxf3 24. Qxf3 Bxe5 25. dxe5 Nc6 26.
Rfe1 Nxe5 27. Qf5 Ng6 28. g3 Ra6 29. Qc5 Qd4 30. Re8+ Kg7 31. Qxd4+ Rxd4
32. Rb1 Rd3 33. a4 Rd4 34. Rb8 Ra7 35. Nc8 Ra6 36. Nb6 Ra7 37. Nc8 Ra6
1/2-1/2

[Event "39 Open Internacional de San Sebastian [Fide Code Event 127615]"]
[Site "Donostia - San Sebastian"]
[Date "2016.03.19"]
[Round "1"]
[White "RODRIGUEZ BERNAL, Herman"]
[Black "POGORELOV, Ruslan"]
[Result "0-1"]
[BlackElo "2347"]
[ECO "E32"]
[Opening "Nimzo-Indian"]
[Variation "Classical, 4...O-O 5.Bg5"]
[WhiteElo "1783"]
[TimeControl "420+3"]
[Termination "normal"]
[PlyCount "113"]
[WhiteType "human"]
[BlackType "human"]

1. d4 Nf6 2. c4 e6 3. Nc3 Bb4 4. Qc2 O-O 5. Bg5 d6 6. e3 Nbd7 7. Bd3 h6 8.
Bh4 e5 9. a3 Bxc3+ 10. bxc3 Re8 11. Bh7+ Kh8 12. Bf5 Nf8 13. Ne2 Be6 14.
Bxe6 Rxe6 15. d5 Re8 16. O-O Ng6 17. Bxf6 Qxf6 18. Ng3 Qh4 19. Qf5 Kg8 20.
Rab1 b6 21. Ne4 Ne7 22. Qf3 f5 23. Nd2 Rf8 24. Qg3 Qf6 25. f4 e4 26. Rb3 c6
27. Rd1 Rac8 28. Qe1 Qf7 29. dxc6 Nxc6 30. Rb5 Na5 31. Qg3 Qf6 32. Rd5 Rc5
33. Nxe4 fxe4 34. Rxd6 Qxc3 35. Rxh6 Rc6 36. Rxc6 Nxc6 37. Rd7 Rd8 38.
Rxd8+ Nxd8 39. h4 Qxc4 40. Qg6 Nf7 41. Qg3 Qc1+ 42. Kf2 Qxa3 43. Qg4 Qe7
44. h5 Nh6 45. Qc8+ Kh7 46. Qc6 Qh4+ 47. Kf1 Qh1+ 48. Ke2 Qxg2+ 49. Kd1
Qh1+ 50. Kc2 Qxh5 51. Qxe4+ Qf5 52. Qxf5+ Nxf5 53. e4 Ng3 54. e5 Kg6 55.
Kd3 Kf5 56. Kc4 0-1

[Event "39 Open Internacional de San Sebastian [Fide Code Event 127615]"]
[Site "Donostia - San Sebastian"]
[Date "2016.03.19"]
[Round "1"]
[White "AABLING-THOMSEN, Jakob"]
[Black "LOPEZ DE CASTRO, Joseph"]
[Result "1-0"]
[BlackElo "1765"]
[ECO "A45"]
[Opening "Trompowsky"]
[Variation "2...Ne4 3.h4"]
[WhiteElo "2341"]
[TimeControl "420+3"]
[Termination "normal"]
[PlyCount "27"]
[WhiteType "human"]
[BlackType "human"]

1. d4 Nf6 2. Bg5 Ne4 3. h4 Nxg5 4. hxg5 e6 5. Nf3 Be7 6. Qd2 d5 7. Nc3 Nd7
8. e4 Nf8 9. O-O-O Ng6 10. Bd3 Bd7 11. exd5 exd5 12. Nxd5 Be6 13. Nxe7 Qxe7
14. d5 1-0

[Event "39 Open Internacional de San Sebastian [Fide Code Event 127615]"]
[Site "Donostia - San Sebastian"]
[Date "2016.03.19"]
[Round "1"]
[White "MENDIA REZOLA, Jokin"]
[Black "NAVA PEREDA, Carlos"]
[Result "0-1"]
[BlackElo "2268"]
[ECO "B00"]
[Opening "Nimzowitsch Defence"]
[Variation "2.Nf3 d6"]
[WhiteElo "1758"]
[TimeControl "420+3"]
[Termination "normal"]
[PlyCount "130"]
[WhiteType "human"]
[BlackType "human"]

1. e4 Nc6 2. Nf3 d6 3. c4 e5 4. d4 Bg4 5. d5 Nd4 6. Be2 Bxf3 7. Bxf3 c5 8.
O-O g6 9. Qa4+ Qd7 10. Qxd7+ Kxd7 11. Bd1 f5 12. Nc3 Nf6 13. Bg5 Nxe4 14.
Nxe4 fxe4 15. Re1 h5 16. Rxe4 Bh6 17. Bxh6 Rxh6 18. f4 exf4 19. Rxf4 Rh7
20. Ba4+ Kc7 21. Re1 Rg8 22. Rfe4 Rgg7 23. Bd1 Rf7 24. h3 a6 25. R1e3 b5
26. b3 Kb6 27. Re8 Nf5 28. R3e6 Re7 29. R8xe7 Rxe7 30. Rxe7 Nxe7 31. Be2
Ka5 32. a3 Nc8 33. Bd3 g5 34. Bc2 Nb6 35. cxb5 axb5 36. Kf2 Nxd5 37. Kf3
Nf6 38. g3 d5 39. h4 gxh4 40. gxh4 b4 41. a4 c4 42. Kf4 Ne4 43. Ke5 Nd2 44.
bxc4 dxc4 45. Kd4 b3 46. Bg6 b2 47. Kc3 b1=Q 48. Bxb1 Nxb1+ 49. Kxc4 Nd2+
50. Kd3 Nf3 51. Ke4 Nxh4 52. Kf4 Ng6+ 53. Kg5 h4 54. Kg4 Kxa4 55. Kh3 Kb4
56. Kg2 Kc4 57. Kh3 Kd4 58. Kh2 Ke4 59. Kh3 Kf4 60. Kg2 Kg4 61. Kh2 Nf4 62.
Kg1 Kg3 63. Kh1 h3 64. Kg1 Nd3 65. Kh1 Nf2+ 0-1

[Event "39 Open Internacional de San Sebastian [Fide Code Event 127615]"]
[Site "Donostia - San Sebastian"]
[Date "2016.03.20"]
[Round "2"]
[White "MORETO QUINTANA, Alex"]
[Black "VAZQUEZ IGARZA, Renier"]
[Result "0-1"]
[BlackElo "2585"]
[ECO "A16"]
[Opening "English"]
[Variation "Anglo-Indian, 2.Nc3 g6 3.g3 Bg7 4.Bg2 O-O 5.Nf3 d6 6.O-O"]
[WhiteElo "2061"]
[TimeControl "420+3"]
[Termination "normal"]
[PlyCount "114"]
[WhiteType "human"]
[BlackType "human"]

1. Nf3 Nf6 2. g3 g6 3. Bg2 Bg7 4. O-O O-O 5. c4 d6 6. Nc3 c6 7. Rb1 a6 8.
b4 b5 9. cxb5 axb5 10. Nd4 d5 11. Nb3 e5 12. d3 Re8 13. Qc2 Na6 14. a3 h6
15. e4 Be6 16. d4 Nxe4 17. Nxe4 dxe4 18. dxe5 Bc4 19. Rd1 Bd3 20. Qxc6 Qc8
21. Qxc8 Raxc8 22. Rxd3 exd3 23. Bb7 Rb8 24. Bxa6 Rb6 25. Nc5 Bf8 26. Bxb5
Rxb5 27. a4 Rxc5 28. bxc5 Bxc5 29. Bxh6 Rxe5 30. Rb5 g5 31. Rb8+ Kh7 32.
Bxg5 Rxg5 33. Rd8 Rf5 34. Rxd3 Rxf2 35. Kh1 Ra2 36. Rc3 Bb4 37. Rc4 Rxa4
38. h4 Ra1+ 39. Kg2 Bd6 40. Rd4 Be5 41. Re4 Ra2+ 42. Kh3 f6 43. Re3 Kg6 44.
Rd3 Rf2 45. Ra3 Kf5 46. Ra8 Rd2 47. Ra3 Rf2 48. Ra8 Rc2 49. Rg8 Bd4 50. Rd8
Bg1 51. Rd5+ Ke4 52. Ra5 Bd4 53. Ra3 Be3 54. Ra8 f5 55. Re8+ Kf3 56. Rf8 f4
57. Rg8 Bg1 0-1

[Event "39 Open Internacional de San Sebastian [Fide Code Event 127615]"]
[Site "Donostia - San Sebastian"]
[Date "2016.03.20"]
[Round "2"]
[White "SANTOS LATASA, Jaime"]
[Black "MARTINET, Regis"]
[Result "1-0"]
[BlackElo "2061"]
[ECO "A57"]
[Opening "Benko Gambit"]
[Variation "4.cxb5 a6 5.f3 e6"]
[WhiteElo "2531"]
[TimeControl "420+3"]
[Termination "normal"]
[PlyCount "63"]
[WhiteType "human"]
[BlackType "human"]

1. d4 Nf6 2. c4 c5 3. d5 b5 4. cxb5 a6 5. f3 e6 6. e4 Bb7 7. Nc3 exd5 8. e5
Qe7 9. Qe2 Ng8 10. Nh3 d4 11. Ne4 Qe6 12. Nf4 Qb6 13. b4 axb5 14. bxc5 Bxc5
15. Qxb5 Bxe4 16. fxe4 Nc6 17. Rb1 Qxb5 18. Rxb5 Bb4+ 19. Kd1 Rxa2 20. Bc4
Ra1 21. Ke2 Nge7 22. Rf1 O-O 23. Nd3 Bc3 24. Rb7 Ng6 25. Rxf7 Rxf7 26. Rxd7
Nge7 27. Bg5 Kf8 28. e6 Rff1 29. Bxe7+ Ke8 30. Bh4 Rfd1 31. Rd8+ Nxd8 32.
Bb5+ 1-0

[Event "39 Open Internacional de San Sebastian [Fide Code Event 127615]"]
[Site "Donostia - San Sebastian"]
[Date "2016.03.20"]
[Round "2"]
[White "VINAL GUTIERREZ, Pedro"]
[Black "PAP, Misa"]
[Result "0-1"]
[BlackElo "2483"]
[ECO "B23"]
[Opening "Sicilian"]
[Variation "Closed, 2...Nc6 3.Bb5 Nd4"]
[WhiteElo "2049"]
[TimeControl "420+3"]
[Termination "normal"]
[PlyCount "58"]
[WhiteType "human"]
[BlackType "human"]

1. e4 c5 2. Nc3 Nc6 3. Bb5 Nd4 4. Bc4 e6 5. Nge2 Nf6 6. O-O a6 7. d3 b5 8.
Bb3 Nxb3 9. axb3 Bb7 10. f4 b4 11. Nb1 h5 12. f5 e5 13. Nd2 d5 14. exd5
Qxd5 15. Nf3 h4 16. Qe1 O-O-O 17. Bg5 h3 18. Bxf6 gxf6 19. Ng3 hxg2 20. Rf2
Bh6 21. Ne4 Bf4 22. Ra5 Rdg8 23. Rxg2 Kb8 24. Rxc5 Qd8 25. Qxb4 Be3+ 26.
Kf1 Rxg2 27. Kxg2 Qg8+ 28. Ng3 Bxc5 29. Qxc5 Qg4 0-1

[Event "39 Open Internacional de San Sebastian [Fide Code Event 127615]"]
[Site "Donostia - San Sebastian"]
[Date "2016.03.20"]
[Round "2"]
[White "TRATAR, Marko"]
[Black "MUNOZ AVILA, Jose Luis"]
[Result "1-0"]
[BlackElo "2023"]
[ECO "A13"]
[Opening "English"]
[Variation "Neo-Catalan, 4.Bg2"]
[WhiteElo "2471"]
[TimeControl "420+3"]
[Termination "normal"]
[PlyCount "47"]
[WhiteType "human"]
[BlackType "human"]

1. Nf3 Nf6 2. c4 e6 3. g3 d5 4. Bg2 Bd6 5. d4 c6 6. O-O O-O 7. Nfd2 Nbd7 8.
Nc3 Bc7 9. e4 dxc4 10. e5 Nd5 11. Nxc4 b5 12. Ne3 b4 13. Ne4 Bb7 14. Qg4
Kh8 15. Qh5 Nxe3 16. Bxe3 Qe8 17. Rac1 Nb6 18. Nc5 Bc8 19. Be4 g6 20. Qf3
Qd8 21. Bxc6 Rb8 22. Ne4 Bb7 23. Bxb7 Rxb7 24. Bg5 1-0

[Event "39 Open Internacional de San Sebastian [Fide Code Event 127615]"]
[Site "Donostia - San Sebastian"]
[Date "2016.03.20"]
[Round "2"]
[White "MERCADO LARREA, Adrian"]
[Black "MOVSZISZIAN, Karen"]
[Result "0-1"]
[BlackElo "2464"]
[ECO "B06"]
[Opening "Modern"]
[Variation "1.e4 g6 2.Nc3 Bg7"]
[WhiteElo "2007"]
[TimeControl "420+3"]
[Termination "normal"]
[PlyCount "88"]
[WhiteType "human"]
[BlackType "human"]

1. e4 g6 2. Nc3 Bg7 3. g3 d6 4. Bg2 Nf6 5. d3 O-O 6. f4 c5 7. Nf3 Nc6 8.
O-O Rb8 9. a4 a6 10. h3 b5 11. axb5 axb5 12. g4 Nd7 13. Qe1 b4 14. Nd1 Bb7
15. Qh4 e6 16. Qxd8 Rfxd8 17. Ne3 Nb6 18. f5 Ra8 19. Rb1 Ra2 20. g5 Nd4 21.
f6 Bf8 22. Nxd4 cxd4 23. Nd1 Ba6 24. Rf2 Rc8 25. Bf1 d5 26. e5 b3 27. c3
Bc5 28. cxd4 Bxd4 29. Be3 Bxe3 30. Nxe3 d4 31. Nc4 Bxc4 32. dxc4 Nd7 33.
Re1 Nc5 34. Rd2 Rd8 35. Kg2 h6 36. h4 d3 37. Kg3 Rd4 38. Kf3 Rxh4 39. gxh6
Kh7 40. Re3 Kxh6 41. Kg2 Ne4 42. Rexd3 Nxd2 43. Rxd2 Re4 44. c5 Rxe5 0-1

[Event "39 Open Internacional de San Sebastian [Fide Code Event 127615]"]
[Site "Donostia - San Sebastian"]
[Date "2016.03.20"]
[Round "2"]
[White "PAUNOVIC, Dragan"]
[Black "JUEZ VILLAR, Erik"]
[Result "1-0"]
[BlackElo "2001"]
[ECO "A20"]
[Opening "English"]
[Variation "KID, 2.g3 Nf6 3.Bg2 d5"]
[WhiteElo "2427"]
[TimeControl "420+3"]
[Termination "normal"]
[PlyCount "80"]
[WhiteType "human"]
[BlackType "human"]

1. c4 Nf6 2. g3 e5 3. Bg2 d5 4. cxd5 Nxd5 5. Nf3 Nc6 6. O-O Be6 7. d4 exd4
8. Nxd4 Nxd4 9. Qxd4 c6 10. Nc3 Qb6 11. Qe5 Nxc3 12. Qxc3 Qc5 13. Be3 Qxc3
14. bxc3 Bc4 15. Rab1 O-O-O 16. Bxa7 Rd2 17. a4 Bd6 18. Bh3+ Be6 19. Bxe6+
fxe6 20. Rfd1 Rxd1+ 21. Rxd1 Be5 22. c4 Bc7 23. e4 g5 24. h3 h5 25. Kg2 g4
26. Be3 Rg8 27. Rh1 Rg7 28. hxg4 hxg4 29. Rh5 Bd8 30. Rh8 Kc7 31. Bf4+ Kd7
32. Be5 Rg6 33. Rh7+ Be7 34. Bd4 Kd8 35. Bb6+ Ke8 36. Rh8+ Kd7 37. Rb8 c5
38. a5 Kc6 39. Rc8+ Kd6 40. Rc7 1-0

[Event "39 Open Internacional de San Sebastian [Fide Code Event 127615]"]
[Site "Donostia - San Sebastian"]
[Date "2016.03.20"]
[Round "2"]
[White "SKOMOROKHIN, Roman"]
[Black "IDIAZABAL TROYAS, Aritz"]
[Result "1-0"]
[BlackElo "1993"]
[ECO "A46"]
[Opening "Indian"]
[Variation "1.d4 Nf6 2.Nf3 e6 3.e3 c5 4.Bd3"]
[WhiteElo "2410"]
[TimeControl "420+3"]
[Termination "normal"]
[PlyCount "47"]
[WhiteType "human"]
[BlackType "human"]

1. d4 c5 2. e3 e6 3. Nf3 Nf6 4. Bd3 Qc7 5. O-O b6 6. Nbd2 Bb7 7. c3 Be7 8.
e4 d6 9. e5 Ng4 10. h3 h5 11. Qe2 Nd7 12. Re1 cxd4 13. cxd4 dxe5 14. hxg4
hxg4 15. Nxe5 Nxe5 16. dxe5 f5 17. Nc4 Rd8 18. Bf4 Bxg2 19. Nd6+ Rxd6 20.
exd6 Qc6 21. Bh2 g3 22. fxg3 Bxd6 23. Qxg2 Qc5+ 24. Kh1 1-0

[Event "39 Open Internacional de San Sebastian [Fide Code Event 127615]"]
[Site "Donostia - San Sebastian"]
[Date "2016.03.20"]
[Round "2"]
[White "JORDANA VARGAS, Julio"]
[Black "AABLING-THOMSEN, Jakob"]
[Result "0-1"]
[BlackElo "2341"]
[ECO "A10"]
[Opening "English"]
[Variation "1...g6 2.Nc3 Bg7"]
[WhiteElo "1983"]
[TimeControl "420+3"]
[Termination "normal"]
[PlyCount "44"]
[WhiteType "human"]
[BlackType "human"]

1. c4 g6 2. Nc3 Bg7 3. Nf3 e5 4. d3 d6 5. g3 f5 6. Bg2 Nf6 7. O-O O-O 8.
Rb1 Nh5 9. Nd2 Nc6 10. b4 f4 11. Bd5+ Kh8 12. Nde4 Ne7 13. Nd2 Nxd5 14.
Nxd5 Bh3 15. Re1 c6 16. Nc3 d5 17. cxd5 cxd5 18. Bb2 fxg3 19. hxg3 Qg5 20.
Nf3 Rxf3 21. exf3 Nxg3 22. Kh2 Ne2 0-1

[Event "39 Open Internacional de San Sebastian [Fide Code Event 127615]"]
[Site "Donostia - San Sebastian"]
[Date "2016.03.20"]
[Round "2"]
[White "NAVA PEREDA, Carlos"]
[Black "GARRO BERAZA, Julen"]
[Result "0-1"]
[BlackElo "1962"]
[ECO "E97"]
[Opening "King's Indian"]
[Variation "Mar del Plata, Bayonet Attack, 9...Nh5 10.g3"]
[WhiteElo "2268"]
[TimeControl "420+3"]
[Termination "normal"]
[PlyCount "81"]
[WhiteType "human"]
[BlackType "human"]

1. Nf3 Nf6 2. c4 g6 3. Nc3 Bg7 4. e4 d6 5. d4 O-O 6. Be2 e5 7. O-O Nc6 8.
d5 Ne7 9. b4 Nh5 10. g3 f5 11. Ng5 Nf6 12. Bf3 c6 13. Be3 cxd5 14. cxd5 h6
15. Ne6 Bxe6 16. dxe6 fxe4 17. Nxe4 Nxe4 18. Bxe4 d5 19. Bg2 d4 20. Bd2 Qb6
21. Qb3 Kh7 22. a4 Rab8 23. a5 Qd6 24. f4 Nf5 25. Rad1 b6 26. g4 Nh4 27.
Be4 bxa5 28. Qh3 Qe7 29. Be1 Bf6 30. fxe5 Bg5 31. Rxf8 Rxf8 32. Rxd4 Rd8
33. Qd3 Rxd4 34. Qxd4 Qxe6 35. Qxa7+ Kh8 36. Qa8+ Kh7 37. Bd5 Qxg4+ 38. Kf1
Qf4+ 0-1

[Event "39 Open Internacional de San Sebastian [Fide Code Event 127615]"]
[Site "Donostia - San Sebastian"]
[Date "2016.03.20"]
[Round "2"]
[White "TORRES NOVALBOS, David"]
[Black "AOUT, Sebastien"]
[Result "0-1"]
[BlackElo "2258"]
[ECO "B42"]
[Opening "Sicilian"]
[Variation "Kan, 5.Bd3 Nc6"]
[WhiteElo "1971"]
[TimeControl "420+3"]
[Termination "normal"]
[PlyCount "71"]
[WhiteType "human"]
[BlackType "human"]

1. e4 c5 2. Nf3 e6 3. d4 cxd4 4. Nxd4 a6 5. Bd3 Nc6 6. Nxc6 dxc6 7. O-O e5
8. Nd2 Qc7 9. a4 Nf6 10. Nc4 Bg4 11. Qe1 Bc5 12. Qc3 Nd7 13. Be3 f6 14. b4
Be7 15. f4 O-O 16. f5 Bh5 17. Qe1 Rfd8 18. Qh4 Bf7 19. Rf3 Bxb4 20. Rh3 Nf8
21. Bb6 Qe7 22. Bxd8 Rxd8 23. Kh1 Rd4 24. Ne3 Bc3 25. Rg1 Rxa4 26. g4 Ra1
27. Rxa1 Bxa1 28. Qe1 Bd4 29. Rg3 Qc5 30. h4 a5 31. g5 fxg5 32. hxg5 a4 33.
Ng4 a3 34. g6 hxg6 35. f6 a2 36. Qd1 0-1

[Event "39 Open Internacional de San Sebastian [Fide Code Event 127615]"]
[Site "Donostia - San Sebastian"]
[Date "2016.03.20"]
[Round "3"]
[White "VAZQUEZ IGARZA, Renier"]
[Black "AOUT, Sebastien"]
[Result "1-0"]
[BlackElo "2258"]
[ECO "B38"]
[Opening "Sicilian"]
[Variation "Maroczy Bind, 7.Nc3 O-O 8.Be2 d6 9.O-O Bd7 10.Qd2 Nxd4, 12.f3 a5 13.b3"]
[WhiteElo "2585"]
[TimeControl "420+3"]
[Termination "normal"]
[PlyCount "109"]
[WhiteType "human"]
[BlackType "human"]

1. Nf3 c5 2. c4 g6 3. d4 cxd4 4. Nxd4 Bg7 5. e4 Nf6 6. Nc3 d6 7. Be2 O-O 8.
O-O Nc6 9. Be3 Bd7 10. Qd2 Nxd4 11. Bxd4 Bc6 12. f3 a5 13. b3 Nd7 14. Be3
Nc5 15. Rab1 Qb6 16. Rfc1 Qb4 17. Rc2 Rfc8 18. Qc1 Qb6 19. Bf1 Qd8 20. Qd2
h5 21. Nd5 Bxd5 22. exd5 Qd7 23. Rcc1 Bf6 24. Bd3 Nxd3 25. Qxd3 Kg7 26. a4
Qf5 27. Qd2 Ra6 28. Re1 Rc7 29. Rbd1 Kg8 30. Re2 Kg7 31. Rf1 Be5 32. g3 Rc8
33. Kg2 Rh8 34. h3 Rh7 35. Rfe1 Rh8 36. Bf2 Re8 37. Re4 Qf6 38. R1e2 Raa8
39. Bb6 Bc3 40. Qd3 Kg8 41. Rc2 Ra6 42. Bf2 Be5 43. Rce2 Raa8 44. f4 Ba1
45. c5 h4 46. g4 dxc5 47. Bxc5 Rac8 48. Rc4 Rxc5 49. Rxc5 Qxf4 50. d6 Rd8
51. d7 Rxd7 52. Qxd7 Bd4 53. Rc3 Bxc3 54. Qc8+ Kh7 55. Qxc3 1-0

[Event "39 Open Internacional de San Sebastian [Fide Code Event 127615]"]
[Site "Donostia - San Sebastian"]
[Date "2016.03.20"]
[Round "3"]
[White "PRIETO ARANGUREN, Alain"]
[Black "SANTOS LATASA, Jaime"]
[Result "0-1"]
[BlackElo "2531"]
[ECO "C01"]
[Opening "French"]
[Variation "Exchange, 4.Bd3 Nc6"]
[WhiteElo "2251"]
[TimeControl "420+3"]
[Termination "normal"]
[PlyCount "134"]
[WhiteType "human"]
[BlackType "human"]

1. d4 e6 2. e4 d5 3. exd5 exd5 4. Bd3 Nc6 5. c3 Bd6 6. Nf3 Bg4 7. Nbd2 Qd7
8. O-O Nge7 9. Re1 O-O 10. Qc2 Bf5 11. Bxf5 Qxf5 12. Qxf5 Nxf5 13. Nf1 Rfe8
14. Bd2 f6 15. Rxe8+ Rxe8 16. Re1 Nfe7 17. Ng3 Kf7 18. Nh5 g5 19. g4 h6 20.
h3 Nd8 21. Nh2 Ne6 22. Rxe6 Kxe6 23. Ng7+ Kf7 24. Nxe8 Kxe8 25. h4 Ng6 26.
h5 Nh4 27. Be3 f5 28. gxf5 Bxh2+ 29. Kxh2 Nxf5 30. Bd2 Nd6 31. Kh3 Ne4 32.
Be3 Nf6 33. f4 g4+ 34. Kh4 g3 35. Kxg3 Nxh5+ 36. Kh4 Ng7 37. Kg4 Kf7 38. f5
Kf6 39. Bxh6 Nxf5 40. Bf4 c6 41. Kf3 Ke6 42. Ke2 Ne7 43. Kd3 Kf5 44. Bh6
Kg4 45. Kc2 Kf3 46. Kd3 Nf5 47. Bg5 Nd6 48. Bh6 Ne4 49. Be3 Nd6 50. Bh6 Nc4
51. Bc1 a6 52. Kc2 Ke2 53. Bh6 Nd6 54. Bf4 Ne4 55. Bh6 Nf2 56. Bg5 Nd3 57.
Bh4 Nf4 58. Bg5 Ng2 59. Bd2 b5 60. a3 a5 61. b3 Ne3+ 62. Bxe3 Kxe3 63. a4
bxa4 64. bxa4 Ke2 65. Kb3 Kd3 66. Kb2 Kd2 67. Kb3 Kc1 0-1

[Event "39 Open Internacional de San Sebastian [Fide Code Event 127615]"]
[Site "Donostia - San Sebastian"]
[Date "2016.03.20"]
[Round "3"]
[White "PAP, Misa"]
[Black "PASTOR PONS, Pedro Maria"]
[Result "1-0"]
[BlackElo "2156"]
[ECO "B06"]
[Opening "Modern"]
[Variation "3.Nf3 d6 4.Bc4"]
[WhiteElo "2483"]
[TimeControl "420+3"]
[Termination "normal"]
[PlyCount "55"]
[WhiteType "human"]
[BlackType "human"]

1. e4 g6 2. d4 Bg7 3. Nf3 d6 4. Bc4 Nf6 5. Qe2 O-O 6. e5 dxe5 7. dxe5 Nd5
8. h3 c6 9. O-O Qc7 10. Re1 Na6 11. Bxa6 bxa6 12. c4 Nb6 13. Nc3 Rd8 14.
Bf4 Bf5 15. Ne4 c5 16. b3 Qc6 17. Ng3 Bc8 18. Qe3 Bb7 19. Bh6 a5 20. Bxg7
Kxg7 21. Qg5 Qe6 22. Nh2 a4 23. Ng4 Kh8 24. Qe3 Qc6 25. f3 Bc8 26. Ne4 Rd4
27. Qh6 Bxg4 28. Ng5 1-0